AoeStats
← MUNIZ.JR. BR

Arabia

508555877Analyzed
2v2 RM · 9d ago on Sep 23, 2026· 19m 1s· 4 players
Game mode
Random Map
Map size
Medium (4 player)
Population
200
Speed
Normal
Resources
Standard
Victory
Conquest
Starting age
Dark Age
Ending age
Imperial Age
RankedLock teamsTeams togetherTeam positionsShared explorationLock speedFull tech treeHidden civsTurbo modeCheats
Victory
Defeat
🇨🇱 Mongols · Chile
1286
+12
🇦🇷 Japanese · Argentina
1228
+14
🇧🇷 Varangians · Brazil
1201
-13
🇧🇷 Ethiopians · Brazil
1201
-13
[CL]Jigsaw
0:44 Loom
2:02 Loom
9:39 Feudal Age
11:18 Forging
15:45 Scale Barding Armor
17:04 Horse Collar
17:09 Double-Bit Axe
Taiwan No.1
7:14 Loom
9:40 Feudal Age
9:49 Man-at-Arms
Caveirose
7:00 Loom
9:24 Feudal Age
10:13 Double-Bit Axe
MUNIZ.JR. BR
7:26 Loom
9:42 Feudal Age
12:07 Double-Bit Axe
Connection lost

Rejoining the realm…

Still unreachable

The connection could not be restored.

Session expired

The server has moved on; the page needs a fresh start.